 Dungeon Crawl Stone Soup version 0.29-a0-322-g68df515428 (webtiles) character file.

Game seed: 1404365143080980097

342 Leszczynek the Chopper (level 6, -5/48 HPs)
             Began as a Human Gladiator on Apr 8, 2022.
             Slain by a gnoll
             ... wielding a +0 flail
              (8 damage)
             ... on level 5 of the Dungeon.
             The game lasted 00:07:41 (979 turns).

Leszczynek the Chopper (Human Gladiator)             Turns: 979, Time: 00:07:41

Health: -5/48      AC:  6    Str: 16    XL:     6   Next: 88%
Magic:  6/6        EV: 12    Int:  9    God:
Gold:   85         SH:  0    Dex: 14    Spells: 5/5 levels left

rFire   . . .      SeeInvis .   a - +0 war axe
rCold   . . .      Faith    .   (no shield)
rNeg    . . .      Spirit   .   h - +0 ring mail
rPois   .          Reflect  .   c - +0 helmet
rElec   .          Harm     .   (no cloak)
rCorr   .          Rampage  .   (no gloves)
Will    .....                   (no boots)
Stlth   +.........              (no amulet)
HPRegen 0.16/turn               (no ring)
MPRegen 0.10/turn               (no ring)

@: no status effects
A: no striking features
a: no special abilities


You were on level 5 of the Dungeon.
You visited 1 branch of the dungeon, and saw 5 of its levels.

You collected 85 gold pieces.

Inventory:

Hand Weapons
 a - a +0 war axe (weapon)
Missiles
 d - a throwing net
 f - 3 boomerangs
 m - an atropa-tipped dart (quivered)
Armour
 b - a +0 leather armour
 c - a +0 helmet (worn)
 h - a +0 ring mail (worn)
 k - an orb of guile
Scrolls
 g - a scroll of teleportation {unknown}
 l - 2 scrolls of immolation {!r}
 n - 2 scrolls of enchant armour
 q - a scroll of blinking {unknown}
Potions
 i - 2 potions of might {unknown}
 o - 2 potions of heal wounds {unknown}
 p - 3 potions of mutation {!q}
 r - a potion of curing {unknown}


   Skills:
 * Level 4.1 Fighting
 * Level 4.7 Axes
 + Level 3.3 Throwing
 + Level 3.9 Dodging


You had 5 spell levels left.
You didn't know any spells.
Your spell library contained the following spells:

 Spells                   Type           Power      Damage    Failure   Level
 Summon Small Mammal      Summ           0%         N/A       61%         1
 Call Canine Familiar     Summ           0%         N/A       93%         3
 Gell's Gravitas          Tloc           0%         N/A       93%         3
 Lesser Beckoning         Tloc           0%         N/A       93%         3
 Summon Guardian Golem    Hex/Summ       0%         N/A       93%         3
 Teleport Other           Tloc           0%         N/A       93%         3


Dungeon Overview and Level Annotations

Branches:
Dungeon (5/15)
 Temple: D:4-7

Altars:

Shops:
D:3 [


Message History

You hit the gnoll but do no damage.
The gnoll is severely wounded.
The gnoll hits you with a +0 flail.
You hit the gnoll.
The gnoll is almost dead.
The gnoll hits you with a +0 flail.
* * * LOW HITPOINT WARNING * * *
Throw: 5 darts (atropa)
Press: ? - help, Q - select action, (/) - cycle Shift-Dir - straight line, f/p - gnoll
Aim: a gnoll, wielding a +0 whip (lightly wounded, 65% to hit, chance to blind on hit: 100%)
You throw an atropa-tipped dart.
The atropa-tipped dart closely misses the gnoll.
The atropa-tipped dart closely misses the gnoll.
The gnoll closely misses you.
Throw: 4 darts (atropa)
Press: ? - help, Q - select action, (/) - cycle Shift-Dir - straight line, f/p - gnoll
Aim: a gnoll, wielding a +0 whip (lightly wounded, 65% to hit, chance to blind on hit: 100%)
You throw an atropa-tipped dart.
The atropa-tipped dart closely misses the gnoll.
The atropa-tipped dart hits the gnoll!
The gnoll appears confused.
The gnoll is lightly wounded.
The gnoll hits you with a +0 flail!
* * * LOW HITPOINT WARNING * * *
Throw: 3 darts (atropa)
Press: ? - help, Q - select action, (/) - cycle Shift-Dir - straight line, f - gnoll
Aim: a gnoll, wielding a +0 flail (almost dead, 65% to hit, chance to blind on hit: 100%)
You throw an atropa-tipped dart.
The atropa-tipped dart closely misses the gnoll.
The gnoll barely misses you.
Throw: 2 darts (atropa)
Press: ? - help, Q - select action, (/) - cycle Shift-Dir - straight line, f/p - gnoll
Aim: a gnoll, wielding a +0 flail (almost dead, 65% to hit, chance to blind on hit: 100%)
You throw an atropa-tipped dart. The atropa-tipped dart hits the gnoll!
The gnoll appears confused.
The gnoll is almost dead.
The gnoll seems less confused.
The gnoll barely misses you.
You hit the gnoll but do no damage.
The gnoll is almost dead.
The gnoll hits you with a +0 flail!
You die...

.!8.......8........#.##
...((..).(......).#.##
.8.......(.8.....#.##
................#.##
..8.......8....#.##
..#..#.#..#...#.#######
#####...######(#......#
..#..#)#..#...#g#######
...............#@##
...)............#.##
.................#.##
..................#.## ####
.#.##...##.#.......#.###..
#.#.##†##.#.#.......#.##.#
######†######.....†..###.##
...................#<.(...#
#####.############.#...####


You could see a gnoll (confused, blind).

Vanquished Creatures
  An ogre (D:5)
  A scorpion (D:5)
  2 hounds (D:5)
  A jelly (D:4)
  An iguana (D:5)
  2 adders
  3 gnolls (D:5)
  A ball python (D:3)
  4 endoplasms
  2 giant cockroaches
  3 goblins
  3 hobgoblins
  3 jackals (D:2)
  4 kobolds
  6 bats
  2 frilled lizards
  A rat (D:3)
40 creatures vanquished.

Notes
Turn   | Place    | Note
-------+----------+-------------------------------------------
     0 | D:1      | Leszczynek the Human Gladiator began the quest for the Orb.
     0 | D:1      | Reached XP level 1. HP: 16/16 MP: 1/1
    70 | D:1      | Reached XP level 2. HP: 10/22 MP: 2/2
   118 | D:1      | HP: 4/22 [frozen (5)]
   293 | D:1      | Reached XP level 3. HP: 12/28 MP: 3/3
   359 | D:2      | HP: 7/42 [poisoned by an adder]
   363 | D:2      | HP: 3/42 [poisoned by an adder]
   554 | D:3      | Found Enataliakk's Armour Shoppe.
   635 | D:3      | Reached XP level 4. HP: 30/34 MP: 4/4
   730 | D:4      | Reached skill level 3 in Fighting
   822 | D:5      | Entered Level 5 of the Dungeon
   840 | D:5      | Reached XP level 5. HP: 28/41 MP: 5/5
   860 | D:5      | Reached skill level 4 in Axes
   861 | D:5      | Reached skill level 3 in Throwing
   861 | D:5      | Reached XP level 6. HP: 36/48 MP: 6/6
   913 | D:5      | Noticed an ogre
   920 | D:5      | Killed an ogre
   921 | D:5      | Reached skill level 4 in Fighting
   976 | D:5      | HP: 3/48 [gnoll/+0 flail (8)]
   979 | D:5      | Slain by a gnoll

Illustrated notes

Levels and vault maps discovered:
D:1:      dpeg_chamrin_arrival_tetris, layout_rooms
D:2:      layout_loops_cross, chequers_ecumenical_altar_simple,
          minmay_tetromino_o2
D:3:      layout_loops_ring, serial_shops, shop, uniq_grinder, uniq_robin
D:4:      layout_basic
D:5:      wad_pebble_path, layout_basic, minmay_temple_entry_statues_pillars

Skill      XL: |  1  2  3  4  5  6 |
---------------+-------------------+-----
Fighting       | 3 4 |  4.1
Axes           | 4 |  4.7
Throwing       | 3 |  3.3
Dodging        | |  3.9

Action                   |  1- 3 |  4- 6 || total
-------------------------+-------+-------++-------
Melee: War axe           |    64 |    36 ||   100
       Punch             |     1 |       ||     1
Throw: Javelin           |    11 |    14 ||    25
       Throwing net      |     6 |     1 ||     7
       Boomerang         |     5 |     4 ||     9
       Dart              |       |     5 ||     5
  Use: Potion            |     1 |       ||     1
       Scroll            |       |     3 ||     3
 Stab: Held in net/web   |     1 |       ||     1
       Invisible         |       |     1 ||     1
Armor: Leather armour    |    11 |       ||    11
       Ring mail         |    32 |    12 ||    44
       Skin              |    13 |       ||    13
Dodge: Dodged            |    47 |    31 ||    78

Table legend: (Time is in decaauts)
 A = Elapsed time spent in this place.
 B = Non-inter-level travel time spent in this place.
 C = Inter-level travel time spent in this place.
 D = Time resting spent in this place.
 E = Time spent auto-exploring this place.
 F = Levels seen in this place.
 G = Mean time per level.
                   A        B        C        D        E       F      G
               +--------+--------+--------+--------+--------+-----+--------+
         Total |   1048 |   1045 |      3 |      3 |      0 |   5 |  209.6 |
       Dungeon |   1048 |   1045 |      3 |      3 |      0 |   5 |  209.6 |
               +--------+--------+--------+--------+--------+-----+--------+

Top non-repeatable levels by time:
     D:2: 305 daAuts
     D:1: 257 daAuts
     D:3: 209 daAuts
     D:5: 166 daAuts
     D:4: 109 daAuts
